AA - U28
CORPUS CHRISTI HOOKS @ ST. PETERSBURG FLYING SQUIRRELS
06/06/2052
 
TOP OF THE 1ST
New Hampshire Fisher Cats batting - Pitching for Lincoln Bighorns : LHP Narciso Negron
Pitching: LHP Narciso Negron
Batting: LHB Jack Schneider 0-0: Ball
1-0: Foul Ball, location: 2F
1-1: Called Strike
1-2: SINGLE (Flyball, 34D, EV 84.4 MPH) - OUT at second base trying to stretch hit.
Batting: SHB A.J. Pare 0-0: Ground out 6-3 (Groundball, 6, EV 103.8 MPH)
Batting: LHB Theo Norzagaray 0-0: Called Strike
0-1: Fly out, F8 (Flyball, 8RXD, EV 95.6 MPH)
Top of the 1st over - 0 runs, 1 hit, 0 errors, 0 left on base; New Hampshire 0 - Lincoln 0
BOTTOM OF THE 1ST
Lincoln Bighorns batting - Pitching for New Hampshire Fisher Cats : RHP Collin Adams
Pitching: RHP Collin Adams
Batting: SHB Demario Fontaine 0-0: Called Strike
0-1: Foul Ball, location: 2F
0-2: Foul Ball, location: 7LMF
0-2: Ball
1-2: Ball
2-2: Ground out 4-3 (Groundball, 4M, EV 81.9 MPH)
Batting: LHB Fergal Mallory 0-0: Foul Ball, location: 9LSFF
0-1: Called Strike
0-2: Ball
1-2: Ball
2-2: Ground out 6-3 (Groundball, 6S, EV 67.5 MPH)
Batting: RHB Storm Ellis 0-0: Swinging Strike
0-1: DOUBLE (Line Drive, 8RXD, EV 100.0 MPH)
Batting: RHB Oszkár Sebestyen 0-0: Foul Ball, location: 5F
0-1: Ball
1-1: Ground out 4-3 (Groundball, 4, EV 87.5 MPH)
Bottom of the 1st over - 0 runs, 1 hit, 0 errors, 1 left on base; New Hampshire 0 - Lincoln 0
TOP OF THE 2ND
New Hampshire Fisher Cats batting - Pitching for Lincoln Bighorns : LHP Narciso Negron
Batting: RHB Bowen Royal 0-0: Foul Ball, location: 3FF
0-1: Swinging Strike
0-2: Strikes out looking
Batting: LHB Bernardo Borreicho 0-0: SINGLE (Flyball, 8RS, EV 95.0 MPH)
Batting: RHB Ned Riordan 0-0: Fielders Choice at 2nd, 6-4 (Groundball, 6, EV 76.9 MPH)
Batting: RHB Caiden Foster 0-0: Called Strike
0-1: Called Strike
0-2: Fly out, F3 (Popup, 3F, EV 66.3 MPH)
Top of the 2nd over - 0 runs, 1 hit, 0 errors, 1 left on base; New Hampshire 0 - Lincoln 0
BOTTOM OF THE 2ND
Lincoln Bighorns batting - Pitching for New Hampshire Fisher Cats : RHP Collin Adams
Batting: RHB Heath Nichols 0-0: Called Strike
0-1: Swinging Strike
0-2: Foul Ball, location: 2F
0-2: Ball
1-2: Ball
2-2: Fly out, F9 (Line Drive, 9, EV 95.0 MPH)
Batting: RHB Giovanni Sherer 0-0: Ball
1-0: Called Strike
1-1: Ball
2-1: Ball
3-1: Base on Balls
Batting: LHB Ledley Kagay 0-0: Called Strike
0-1: Foul Ball, location: 2F
0-2: Ball
1-2: Ball
2-2: Fly out, F4 (Popup, 3D, EV 53.1 MPH)
Batting: RHB Cristián Santana 0-0: Ball
1-0: Foul Ball, location: 7LMFF
1-1: SINGLE (Line Drive, 6M, EV 103.1 MPH)
Giovanni Sherer to second
Runner from 2nd tries for 3rd, SAFE, throw by CF made to third
Batting: RHB Jaylen Harris 0-0: Ball
1-0: Called Strike
1-1: Ball
2-1: Called Strike
2-2: Strikes out swinging
Bottom of the 2nd over - 0 runs, 1 hit, 0 errors, 2 left on base; New Hampshire 0 - Lincoln 0
TOP OF THE 3RD
New Hampshire Fisher Cats batting - Pitching for Lincoln Bighorns : LHP Narciso Negron
Batting: RHB Max Norman 0-0: Foul Ball, location: 2F
0-1: Called Strike
0-2: Strikes out swinging
Batting: SHB John de Costa 0-0: Ball
1-0: Ball
2-0: Called Strike
2-1: Ground out 6-3 (Groundball, 6, EV 81.3 MPH)
Batting: LHB Jack Schneider 0-0: Called Strike
0-1: Swinging Strike
0-2: Ball
1-2: Ball
2-2: Ball
3-2: Strikes out swinging
Top of the 3rd over - 0 runs, 0 hits, 0 errors, 0 left on base; New Hampshire 0 - Lincoln 0
BOTTOM OF THE 3RD
Lincoln Bighorns batting - Pitching for New Hampshire Fisher Cats : RHP Collin Adams
Batting: SHB Demario Fontaine 0-0: Called Strike
0-1: Ball
1-1: Foul Ball, location: 7LDF
1-2: Strikes out swinging
Batting: LHB Fergal Mallory 0-0: Ball
1-0: Foul Ball, location: 7LDF
1-1: Ball
2-1: Ball
3-1: Swinging Strike
3-2: Base on Balls
Batting: RHB Storm Ellis 0-0: Ball
1-0: Foul Ball, location: 25F
1-1: Swinging Strike
1-2: Ball
2-2: Foul Ball, location: 25F
2-2: Fly out, F6 (Line Drive, 6M, EV 77.5 MPH)
Batting: RHB Oszkár Sebestyen 0-0: Called Strike
0-1: Foul Ball, location: 2F
0-2: SINGLE (Line Drive, 8LS, EV 93.1 MPH)
Fergal Mallory to second
Runner from 2nd tries for 3rd, SAFE, no throw by CF
Batting: RHB Heath Nichols 0-0: Called Strike
0-1: Ball
1-1: Ball
2-1: Fly out, F9 (Flyball, 89M, EV 85.0 MPH)
Bottom of the 3rd over - 0 runs, 1 hit, 0 errors, 2 left on base; New Hampshire 0 - Lincoln 0
TOP OF THE 4TH
New Hampshire Fisher Cats batting - Pitching for Lincoln Bighorns : LHP Narciso Negron
Batting: SHB A.J. Pare 0-0: Ball
1-0: Swinging Strike
1-1: Ball
2-1: Fly out, F8 (Flyball, 8LD, EV 99.4 MPH)
Batting: LHB Theo Norzagaray 0-0: Called Strike
0-1: Foul Ball, location: 2F
0-2: Foul Ball, location: 7LMF
0-2: Foul Ball, location: 2F
0-2: Ball
1-2: Ground out 5-3 (Groundball, 5S, EV 73.8 MPH)
Batting: RHB Bowen Royal 0-0: Called Strike
0-1: Ball
1-1: Swinging Strike
1-2: Foul Ball, location: 3FF
1-2: Strikes out looking
Top of the 4th over - 0 runs, 0 hits, 0 errors, 0 left on base; New Hampshire 0 - Lincoln 0
BOTTOM OF THE 4TH
Lincoln Bighorns batting - Pitching for New Hampshire Fisher Cats : RHP Collin Adams
Batting: RHB Giovanni Sherer 0-0: Called Strike
0-1: Swinging Strike
0-2: Ground out 4-3 (Groundball, 4S, EV 81.3 MPH)
Batting: LHB Ledley Kagay 0-0: Ball
1-0: Foul Ball, location: 7LSF
1-1: Ball
2-1: Ball
3-1: Foul Ball, location: 3F
3-2: Foul Ball, location: 3F
3-2: Base on Balls
Batting: RHB Cristián Santana 0-0: Called Strike
0-1: Fly out, F3 (Popup, 3S, EV 81.9 MPH)
Batting: RHB Jaylen Harris 0-0: Ground out 4-3 (Groundball, 34S, EV 89.4 MPH)
Bottom of the 4th over - 0 runs, 0 hits, 0 errors, 1 left on base; New Hampshire 0 - Lincoln 0
TOP OF THE 5TH
New Hampshire Fisher Cats batting - Pitching for Lincoln Bighorns : LHP Narciso Negron
Batting: LHB Bernardo Borreicho 0-0: Called Strike
0-1: Called Strike
0-2: Ball
1-2: Ball
2-2: Ball
3-2: Foul Ball, location: 7LDF
3-2: Foul Ball, location: 2RF
3-2: DOUBLE (Line Drive, 89D, EV 101.9 MPH)
Batting: RHB Ned Riordan 0-0: Called Strike
0-1: Ball
1-1: Swinging Strike
1-2: Ball
2-2: Foul Ball, location: 3F
2-2: Foul Ball, location: 2F
2-2: Ball
3-2: Foul Ball, location: 5FF
3-2: Ground out U3 (Groundball, 34S, EV 84.4 MPH)
Bernardo Borreicho to third
Batting: RHB Caiden Foster 0-0: Foul Ball, location: 2F
0-1: Swinging Strike
0-2: SINGLE (Line Drive, 6MD, EV 93.8 MPH)
Bernardo Borreicho scores
Batting: RHB Max Norman 0-0: Ball
1-0: Swinging Strike
1-1: Ground out 5-3 (Groundball, 5S, EV 68.1 MPH)
Caiden Foster to second
Batting: SHB John de Costa 0-0: Ball
1-0: Ball
2-0: Ball
Wild Pitch!
Caiden Foster to third
3-0: Base on Balls
Batting: LHB Jack Schneider 0-0: Fly out, F7 (Flyball, 7LMF, EV 103.8 MPH)
Top of the 5th over - 1 run, 2 hits, 0 errors, 2 left on base; New Hampshire 1 - Lincoln 0
BOTTOM OF THE 5TH
Lincoln Bighorns batting - Pitching for New Hampshire Fisher Cats : RHP Collin Adams
Batting: SHB Demario Fontaine 0-0: Called Strike
0-1: Ball
1-1: SINGLE (Groundball, 4MD, EV 99.4 MPH)
Pitching: RHP Ben Vega
Batting: LHB Fergal Mallory 0-0: Ball
1-0: Swinging Strike
1-1: Ball
2-1: Ball
3-1: Base on Balls
Demario Fontaine to second
Batting: RHB Storm Ellis 0-0: Ball
1-0: Ball
2-0: Called Strike
2-1: Swinging Strike
2-2: Fielders Choice at 2nd, 3-6 (Groundball, 3, EV 101.9 MPH)
Demario Fontaine to third
Batting: RHB Oszkár Sebestyen 0-0: Foul Ball, location: 5DF
0-1: Fielders Choice at home, 4-2 (Groundball, 34, EV 108.1 MPH)
Storm Ellis to second
Batting: RHB Heath Nichols 0-0: Foul Ball, location: 2F
0-1: Ball
1-1: Ball
2-1: Foul Ball, location: 7LMFF
2-2: Ball
3-2: Foul Ball, location: 2F
3-2: Fly out, F6 (Line Drive, 6, EV 68.8 MPH)
Bottom of the 5th over - 0 runs, 1 hit, 0 errors, 2 left on base; New Hampshire 1 - Lincoln 0
TOP OF THE 6TH
New Hampshire Fisher Cats batting - Pitching for Lincoln Bighorns : LHP Narciso Negron
Batting: SHB A.J. Pare 0-0: Ball
1-0: Foul Ball, location: 9LSFF
1-1: Ball
2-1: Fly out, F8 (Line Drive, 8RD, EV 93.8 MPH)
Batting: LHB Theo Norzagaray 0-0: Ball
1-0: Ball
2-0: Ball
3-0: Base on Balls
Batting: RHB Bowen Royal 0-0: Fly out, F8 (Flyball, 78D, EV 108.1 MPH)
Batting: LHB Bernardo Borreicho 0-0: Called Strike
0-1: SINGLE (Flyball, 5D, EV 96.9 MPH)
Theo Norzagaray to second
Batting: RHB Ned Riordan 0-0: Called Strike
0-1: Foul Ball, location: 25F
0-2: Ball
1-2: Fly out, F9 (Flyball, 9D, EV 103.8 MPH)
Top of the 6th over - 0 runs, 1 hit, 0 errors, 2 left on base; New Hampshire 1 - Lincoln 0
BOTTOM OF THE 6TH
Lincoln Bighorns batting - Pitching for New Hampshire Fisher Cats : RHP Ben Vega
Batting: RHB Giovanni Sherer 0-0: Ball
1-0: Called Strike
1-1: Ground out 5-3 (Groundball, 56, EV 106.3 MPH)
Batting: LHB Ledley Kagay 0-0: Ball
1-0: Ball
2-0: Called Strike
2-1: Ground out U3 (Groundball, 3, EV 83.8 MPH)
Pinch Hitting: LHB Marv Cosar 0-0: Called Strike
0-1: Foul Ball, location: 5F
0-2: Strikes out swinging
Bottom of the 6th over - 0 runs, 0 hits, 0 errors, 0 left on base; New Hampshire 1 - Lincoln 0
TOP OF THE 7TH
New Hampshire Fisher Cats batting - Pitching for Lincoln Bighorns : LHP Narciso Negron
Now at SS: Archie McGinlay
Batting: RHB Caiden Foster 0-0: Fly out, F8 (Flyball, 8LM, EV 90.6 MPH)
Batting: RHB Max Norman 0-0: Ball
1-0: SINGLE (Groundball, 34D, EV 98.1 MPH)
Batting: SHB John de Costa 0-0: Ball
1-0: Ball
2-0: Foul Ball, location: 2F
2-1: Ball
3-1: Swinging Strike
3-2: DOUBLE (Line Drive, 89XD, EV 105.0 MPH)
Max Norman to third
Runner from 3rd tries for Home, SAFE, throw by CF to home
Batting: LHB Jack Schneider 0-0: Ball
1-0: Foul Ball, location: 3FF
1-1: Ball
2-1: Ball
3-1: Called Strike
3-2: Ground out 6-3 (Groundball, 56D, EV 78.1 MPH)
Batting: SHB A.J. Pare 0-0: Ball
1-0: Ball
2-0: Fly out, F9 (Flyball, 9, EV 87.5 MPH)
Top of the 7th over - 1 run, 2 hits, 0 errors, 1 left on base; New Hampshire 2 - Lincoln 0
BOTTOM OF THE 7TH
Lincoln Bighorns batting - Pitching for New Hampshire Fisher Cats : RHP Ben Vega
Batting: RHB Jaylen Harris 0-0: SINGLE (Line Drive, 4MD, EV 94.4 MPH)
Batting: SHB Demario Fontaine 0-0: Ball
1-0: Ball
Jaylen Harris steals 2nd base
2-0: Fly out, F8 (Flyball, 8RD, EV 106.3 MPH)
Batting: LHB Fergal Mallory 0-0: Swinging Strike
0-1: Ball
1-1: Ball
2-1: Swinging Strike
2-2: Ball
3-2: Foul Ball, location: 7LMF
3-2: Foul Ball, location: 2LF
3-2: Foul Ball, location: 25F
3-2: Foul Ball, location: 2F
3-2: Foul Ball, location: 2F
3-2: Strikes out looking
Batting: RHB Storm Ellis 0-0: Called Strike
0-1: Ball
1-1: Foul Ball, location: 2F
1-2: Ball
2-2: Ball
3-2: Fly out, F3 (Popup, 3F, EV 79.4 MPH)
Bottom of the 7th over - 0 runs, 1 hit, 0 errors, 1 left on base; New Hampshire 2 - Lincoln 0
TOP OF THE 8TH
New Hampshire Fisher Cats batting - Pitching for Lincoln Bighorns : LHP Narciso Negron
Batting: LHB Theo Norzagaray 0-0: Called Strike
0-1: Ball
1-1: Ball
2-1: Swinging Strike
2-2: Foul Ball, location: 25FF
2-2: Fly out, F8 (Flyball, 8LM, EV 81.3 MPH)
Pitching: LHP Woodrow Buckmaster
Batting: RHB Bowen Royal 0-0: Ball
1-0: Ball
2-0: Ball
3-0: Called Strike
3-1: Swinging Strike
3-2: Strikes out swinging
Batting: LHB Bernardo Borreicho 0-0: Fly out, F6 (Popup, 6MD, EV 53.1 MPH)
Top of the 8th over - 0 runs, 0 hits, 0 errors, 0 left on base; New Hampshire 2 - Lincoln 0
BOTTOM OF THE 8TH
Lincoln Bighorns batting - Pitching for New Hampshire Fisher Cats : RHP Ben Vega
Pitching: RHP Cameron Sherrier
Batting: RHB Oszkár Sebestyen 0-0: Ball
1-0: Called Strike
1-1: Ball
2-1: Called Strike
2-2: DOUBLE (Line Drive, 78D, EV 108.8 MPH)
Batting: RHB Heath Nichols 0-0: Ball
1-0: Ball
2-0: Swinging Strike
2-1: Called Strike
2-2: Ball
3-2: Foul Ball, location: 9LMF
3-2: Foul Ball, location: 7LDF
3-2: Fly out, F7 (Flyball, 7LD, EV 94.4 MPH)
Batting: RHB Giovanni Sherer 0-0: Ball
1-0: Ball
2-0: Ball
3-0: Foul Ball, location: 2F
3-1: Called Strike
3-2: Foul Ball, location: 2F
3-2: Foul Ball, location: 23F
3-2: Foul Ball, location: 2F
3-2: Base on Balls
Batting: LHB Ledley Kagay 0-0: Called Strike
0-1: Foul Ball, location: 2RF
0-2: Foul Ball, location: 7LMF
0-2: Grounds into double play, 4-6-3 (Groundball, 4, EV 87.5 MPH)
Bottom of the 8th over - 0 runs, 1 hit, 0 errors, 1 left on base; New Hampshire 2 - Lincoln 0
TOP OF THE 9TH
New Hampshire Fisher Cats batting - Pitching for Lincoln Bighorns : LHP Woodrow Buckmaster
Pitching: LHP Jeremiah Price
Batting: RHB Ned Riordan 0-0: Called Strike
0-1: Foul Ball, location: 23F
0-2: Foul Ball, location: 2F
0-2: Ball
1-2: Strikes out swinging
Batting: RHB Caiden Foster 0-0: Called Strike
0-1: Ball
1-1: Ball
2-1: Swinging Strike
2-2: Ball
3-2: Base on Balls
Batting: RHB Max Norman 0-0: Called Strike
Caiden Foster is caught stealing 2nd base 2-4
0-1: Ball
1-1: Foul Ball, location: 2F
1-2: Foul Ball, location: 25F
1-2: Ball
2-2: Strikes out swinging
Top of the 9th over - 0 runs, 0 hits, 0 errors, 0 left on base; New Hampshire 2 - Lincoln 0
BOTTOM OF THE 9TH
Lincoln Bighorns batting - Pitching for New Hampshire Fisher Cats : RHP Cameron Sherrier
Pitching: LHP Rick Bramwell
Batting: RHB Archie McGinlay 0-0: Ball
1-0: Fly out, F8 (Flyball, 8RD, EV 94.4 MPH)
Batting: RHB Jaylen Harris 0-0: Fly out, F7 (Flyball, 7, EV 94.4 MPH)
Batting: SHB Demario Fontaine 0-0: Ball
1-0: Foul Ball, location: 2F
1-1: Ball
2-1: Called Strike
2-2: Strikes out swinging
Bottom of the 9th over - 0 runs, 0 hits, 0 errors, 0 left on base; New Hampshire 2 - Lincoln 0
Wednesday, April 24th , 2024 - OOTP Baseball 24.11 Build 85